Map: Cactus Valley LE (Void)

Players

Shamanas - Winner!

  • Race: Terran Terran

DaRude

  • Race: Protoss Protoss

VOD

Have the link to the VOD?

Description

Time

  • Played on: May 3, 2015, 9:29 a.m.
  • Length: 7:19
Show
View Real Time Build Order
Export as new Build Order

Shamanas Terran - Winner!

Build Orders: Reaper Expand, Hellion Cyclone 

Get SALT Encoding   

  12  0:01  SCV  
  13  0:13  SCV  
  14  0:18  Supply Depot  
  14  0:25  SCV  
  15  0:39  SCV  
  15  0:40  Barracks  
  16  0:49  Refinery  
  16  0:51  SCV  
  17  1:03  SCV  
  18  1:16  SCV  
  19  1:28  Orbital Command  
  19  1:33  Reaper  
  20  1:44  Command Center  
  20  1:54  SCV  
  20  1:55  Supply Depot  
  21  2:06  Barracks Reactor  
  21  2:07  SCV  
  22  2:19  SCV  
  23  2:28  Factory  
  23  2:31  SCV  
  23  2:32  Refinery  
  24  2:44  SCV  
  24  2:47  Marine x2  
  27  2:56  SCV  
  28  2:58  Orbital Command  
  28  2:59  Bunker  
  28  3:06  Marine  
  28  3:07  Marine  
  28  3:08  SCV  
  31  3:13  Factory Tech Lab  
  31  3:20  SCV  
  31  3:25  SCV  
  33  3:27  Marine x2  
  33  3:31  Missile Turret  
  33  3:32  Missile Turret  
  33  3:33  SCV, Cyclone  
  39  3:36  Supply Depot  
  39  3:37  SCV  
  40  3:45  SCV  
  41  3:50  Marine x2  
  41  3:51  SCV  
  44  3:57  SCV  
  44  4:01  Factory  
  45  4:03  SCV  
  45  4:04  Armory  
  45  4:08  Marine x2  
  45  4:09  SCV  
  49  4:14  Refinery x2  
  49  4:17  SCV  
  49  4:21  Supply Depot, Cyclone, SCV  
  54  4:30  SCV  
  54  4:42  SCV  
  55  4:48  SCV  
  56  4:55  Starport  
  51  5:01  SCV  
  51  5:02  Hellbat x2  
  54  5:12  Missile Turret  
  54  5:16  Factory, Starport  
  54  5:19  SCV  
  55  5:25  Supply Depot, Hellbat  
  55  5:26  Hellbat  
  59  5:35  Command Center  
  59  5:36  SCV  
  59  5:38  SCV, Missile Turret  
  61  5:47  Cyclone  
  64  5:53  SCV x2  
  64  5:55  Starport Tech Lab, Hellbat x2  
  69  6:12  SCV  
  69  6:16  Factory Tech Lab  
  69  6:17  Hellbat  
  70  6:22  Supply Depot  
  70  6:23  Supply Depot  
  70  6:24  Banshee  
  69  6:33  Hellbat  
  69  6:35  SCV  
  69  6:36  SCV  
  64  6:40  Cyclone  
  64  6:41  Hellbat  
  69  6:48  Engineering Bay  
  69  6:51  Starport  
  69  7:02  SCV x2  
  75  7:10  Command Center  
  75  7:11  Missile Turret  
  75  7:15  Missile Turret  
Show
View Real Time Build Order
Export as new Build Order

DaRude Protoss 

Build Orders: Oracle Opening, Oracle Opening 

Get SALT Encoding   

  12  0:01  Probe  
  13  0:14  Probe  
  14  0:19  Pylon  
  14  0:30  Assimilator  
  14  0:38  Probe (Chrono Boost)  
  14  0:42  Gateway  
  15  0:48  Probe (Chrono Boost)  
  16  0:55  Probe  
  17  1:07  Probe (Chrono Boost)  
  18  1:20  Probe (Chrono Boost)  
  19  1:30  Probe (Chrono Boost)  
  20  1:33  Cybernetics Core  
  20  1:42  Probe (Chrono Boost)  
  21  1:49  Probe (Chrono Boost)  
  22  1:56  Nexus  
  22  2:10  Warp Gate  
  22  2:12  Pylon  
  22  2:13  Assimilator  
  22  2:23  Stargate  
  22  2:32  Stalker (Chrono Boost)  
  25  2:58  Stalker (Chrono Boost)  
  25  3:14  Probe  
  26  3:27  Probe x2, Oracle (Chrono Boost)  
  30  3:39  Probe (Chrono Boost)  
  33  3:48  Mothership Core (Chrono Boost)  
  33  3:50  Probe (Chrono Boost)  
  33  3:56  Probe  
  33  4:02  Probe  
  35  4:04  Pylon  
  35  4:08  Probe  
  35  4:09  Robotics Facility  
  36  4:18  Pylon  
  36  4:22  Gateway  
  36  4:23  Oracle  
  39  4:24  Gateway  
  39  4:36  Probe (Chrono Boost)  
  39  4:37  Probe (Chrono Boost)  
  41  4:40  Forge  
  41  4:48  Probe (Chrono Boost)  
  41  4:49  Probe (Chrono Boost)  
  43  4:59  Probe x2 (Chrono Boost)  
  45  5:12  Mothership Core (Chrono Boost)  
  45  5:26  Probe (Chrono Boost)  
  47  5:28  Observer  
  47  5:34  Assimilator  
  48  5:38  Probe (Chrono Boost)  
  48  5:39  Probe (Chrono Boost)  
  48  5:40  Assimilator  
  48  5:41  Zealot  
  51  5:46  Probe (Chrono Boost)  
  50  6:11  Stalker  
  30  6:28  Stalker x2  
  28  6:36  Probe x2  
  28  6:48  Probe (Chrono Boost)  
  28  6:53  Probe (Chrono Boost)  
  30  6:57  Robotics Bay  
  30  6:58  Probe (Chrono Boost)  
  32  7:01  Probe (Chrono Boost)  
  32  7:05  Gateway  
  32  7:08  Gateway  
  32  7:11  Twilight Council  
Tags
 
Add a new tag
Caveats
  • Supply blocks, unpowered buildings, or Contaminate may cause inaccurate times.
  • Supply counts are checked every 10 seconds.